 Dungeon Crawl Stone Soup version 0.28-a0-1415-g7c84da036a (webtiles) character file.

Game seed: 12944093820807152872

51 AverageBear the Cutter (level 3, -6/27 HPs)
             Began as a Demonspawn Gladiator on Jan 8, 2022.
             Mangled by an ogre (13 damage)
             ... on level 3 of the Dungeon.
             The game lasted 00:01:56 (2119 turns).

AverageBear the Cutter (Demonspawn Gladiator)       Turns: 2119, Time: 00:01:57

Health: -6/27      AC: 12    Str: 14    XL:     3   Next: 58%
Magic:  3/3        EV: 12    Int: 11    God:
Gold:   133        SH:  0    Dex: 14    Spells: 2/2 levels left

rFire   . . .      SeeInvis .   f - +0 dagger (protect)
rCold   . . .      Faith    .   (no shield)
rNeg    . . .      Spirit   .   b - +0 leather armour
rPois   .          Reflect  .   c - +0 helmet
rElec   .          Harm     .   (no cloak)
rCorr   .          Rampage  .   (no gloves)
Will    +....                   (no boots)
Stlth   +.........              (no amulet)
HPRegen 0.09/turn               (no ring)
MPRegen 0.08/turn               (no ring)

@: under a protective aura
A: sharp scales 1, strong-willed 1
a: no special abilities


You were on level 3 of the Dungeon.
You visited 1 branch of the dungeon, and saw 3 of its levels.

You collected 133 gold pieces.

Inventory:

Hand Weapons
 a - a +0 rapier
 f - a +0 dagger of protection (weapon)
Missiles
 d - 3 throwing nets (quivered)
Armour
 b - a +0 leather armour (worn)
 c - a +0 helmet (worn)
Potions
 e - 2 potions of mutation


   Skills:
 - Level 2.0 Fighting
 + Level 4.2 Short Blades
 - Level 1.7 Throwing
 - Level 2.6 Dodging


You had 2 spell levels left.
You didn't know any spells.
Your spell library was empty.

Dungeon Overview and Level Annotations

Branches:
Dungeon (3/15)

Altars:

Shops:
D:1 [


Innate Abilities, Weirdness & Mutations

You are partially covered in razor-sharp scales. (AC +1, Slay +1)
You are strong-willed. (Will+)


Message History

The quokka bites you but does no damage.
You barely miss the quokka.
The quokka is severely wounded.
The quokka bites you but does no damage.
You hit the quokka.
The quokka is almost dead.
The quokka misses you.
You hit the quokka.
You kill the quokka! 2 rats come into view.
You hit the ogre.
The ogre is moderately wounded.
The ogre closely misses you.
You barely miss the ogre.
The ogre is moderately wounded.
The ogre barely misses you.
You barely miss the ogre.
The ogre is moderately wounded.
You hit the ogre.
The ogre is moderately wounded.
The ogre completely misses you.
You hit the ogre.
The ogre is heavily wounded.
You hit the ogre.
The ogre is heavily wounded.
The ogre hits you with a +0 giant club!
You barely miss the ogre.
The ogre is heavily wounded.
The ogre closely misses you.
You hit the ogre.
The ogre is severely wounded.
You hit the ogre.
The ogre is severely wounded.
The ogre hits you with a +0 giant club!
Ouch! That really hurt!
* * * LOW HITPOINT WARNING * * *
You hit the ogre but do no damage.
The ogre is severely wounded.
The ogre hits you with a +0 giant club!
You die...

#####.#.......†##.###! #
#.########.#...... # #.#
#)..##.###. #
#.#.######.#.#......
#####.#>.......#...##.##
......#.######.#.#.#...
..)#### #...#... ...#
##.#.#.#.. ...#
#..#@..##. ...#
....(.#.#O#...... ...#
#######.rr##.###. ...#
#.#........ ...#
...##.###.## #### ...#..
... .. .....##. ##.# .
.... . ... ... .. .r.


You could see an ogre and 2 rats.

Vanquished Creatures
  A worm (D:3)
  8 ball pythons
  5 bats
  3 endoplasms
  2 giant cockroaches (D:1)
  4 goblins
  4 hobgoblins (D:1)
  2 jackals (D:1)
  4 kobolds
  3 quokkas
  3 frilled lizards (D:1)
  3 rats (D:1)
42 creatures vanquished.

Notes
Turn   | Place    | Note
-------+----------+-------------------------------------------
     0 | D:1      | AverageBear the Demonspawn Gladiator began the quest for
                  | the Orb.
     0 | D:1      | Reached XP level 1. HP: 16/16 MP: 1/1
    77 | D:1      | Reached skill level 3 in Short Blades
   290 | D:1      | Gained mutation: You are partially covered in razor-sharp
                  | scales. (AC +1, Slay +1) [demonic ancestry]
   290 | D:1      | Reached XP level 2. HP: 10/22 MP: 2/2
   586 | D:1      | Found a faded altar of an unknown god.
   589 | D:1      | Found Osem's Armour Emporium.
  1125 | D:1      | Reached XP level 3. HP: 27/27 MP: 3/3
  1487 | D:2      | Reached skill level 4 in Short Blades
  1835 | D:2      | Gained mutation: You are strong-willed. (Will+) [potion of
                  | mutation]
  2086 | D:3      | Noticed an ogre
  2119 | D:3      | Mangled by an ogre

Illustrated notes

Levels and vault maps discovered:
D:1:      minmay_arrival_split_and_join, layout_loops_ring, serial_shops, shop,
          basic_ecumenical_altar, st_stairs_6, minmay_misc_feat_five,
          minmay_ruptured
D:2:      layout_basic
D:3:      layout_basic, grunt_temple_overflow_champion_of_chaos,
          nicolae_concentric_dashed_squares_wild, fountainhead, uniq_natasha

Skill      XL: |  1  2  3 |
---------------+----------+-----
Short Blades   | 3 4 |  4.2
Fighting       | |  2.0
Throwing       | |  1.7
Dodging        | |  2.6

Action                   || total
-------------------------++-------
Melee: Rapier            ||    67
       Punch             ||     5
       Dagger            ||   149
  Use: Potion            ||     2
       Scroll            ||     1
 Stab: Sleeping          ||     2
Armor: Leather armour    ||    66
Dodge: Dodged            ||   149

Table legend: (Time is in decaauts)
 A = Elapsed time spent in this place.
 B = Non-inter-level travel time spent in this place.
 C = Inter-level travel time spent in this place.
 D = Time resting spent in this place.
 E = Time spent auto-exploring this place.
 F = Levels seen in this place.
 G = Mean time per level.
                   A        B        C        D        E       F      G
               +--------+--------+--------+--------+--------+-----+--------+
         Total |   2092 |   2037 |     55 |    314 |   1355 |   3 |  697.3 |
       Dungeon |   2092 |   2037 |     55 |    314 |   1355 |   3 |  697.3 |
               +--------+--------+--------+--------+--------+-----+--------+

Top non-repeatable levels by time:
     D:1: 1478 daAuts
     D:2: 406 daAuts
     D:3: 208 daAuts
